 Dungeon Crawl Stone Soup version 0.23.2-1-ga50397a6bc (webtiles) character file.

Game seed: 6614850162913039232

676 Gunterle the Jinx (level 7, -4/33 HPs)
             Began as a Felid Monk on May 13, 2019.
             Was a Believer of Kikubaaqudgha.
             Killed by divine providence
             ... invoked by an orc priest
              (13 damage)
             ... on level 10 of the Dungeon.
             The game lasted 00:38:40 (9163 turns).

Gunterle the Jinx (Felid Monk)                      Turns: 9163, Time: 00:38:41

Health: -4/33      AC:  2    Str:  9    XL:     7   Next: 33%
Magic:  11/11      EV: 23    Int: 13    God:    Kikubaaqudgha [**....]
Gold:   213        SH:  0    Dex: 18    Spells: 0/7 levels left
                                        Lives:  0   Deaths: 2

rFire    . . .     SeeInvis +     - Unarmed
rCold    . . .     Gourm    .   (shield unavailable)
rNeg     . . .     Faith    .   (armour unavailable)
rPois    .         Spirit   .   (helmet unavailable)
rElec    .         Reflect  .   (cloak unavailable)
rCorr    .         Harm     .   (gloves unavailable)
MR       +....                  (boots unavailable)
Stlth    ++++......             i - amulet of rage
HPRegen  0.11/turn              (no ring)
MPRegen  0.12/turn              (no ring)

@: quick
A: very small, no armour, no weapons or thrown items, stealth, claws 1, fangs 3,
see invisible, carnivore, speed 1, shaggy fur 2, slow metabolism 1, sharp paws
a: Receive Corpses, Renounce Religion, Evoke Berserk Rage


You were on level 10 of the Dungeon.
You worshipped Kikubaaqudgha.
Kikubaaqudgha was pleased with you.
You were not hungry.

You visited 2 branches of the dungeon, and saw 9 of its levels.

You collected 330 gold pieces.
You spent 117 gold pieces at shops.

Inventory:

Missiles
 d - 439 stones
 k - 129 arrows
Jewellery
 i - an amulet of rage (around neck)
 u - an uncursed amulet of the acrobat
 A - an uncursed ring of fire
 B - an uncursed amulet of regeneration
Wands
 s - a wand of digging (5)
 w - a wand of acid (9)
 z - a wand of iceblast (6)
Scrolls
 b - a scroll of random uselessness
 f - 4 scrolls of enchant weapon
 h - a scroll of teleportation
 m - 2 scrolls of amnesia
 o - a scroll of magic mapping
 p - 2 scrolls of noise
 r - 3 scrolls of remove curse
 v - a scroll of fog {unknown}
 x - a scroll of fear {unknown}
 y - a scroll of acquirement {unknown}
 C - a scroll of summoning {unknown}
 E - a scroll of immolation {unknown}
Potions
 c - 6 potions of curing
 e - a potion of agility {unknown}
 g - 5 potions of flight
 j - 3 potions of lignification
 l - a potion of haste {unknown}
 q - 3 potions of heal wounds {unknown}
 t - a potion of invisibility
 D - a potion of might
 F - a potion of brilliance {unknown}
Comestibles
 a - 12 rations


   Skills:
 + Level 5.4 Fighting
 + Level 7.1 Dodging
 + Level 6.9 Stealth
 * Level 7.2 Unarmed Combat
 + Level 0.8 Spellcasting
 + Level 8.0 Hexes
 + Level 1.3 Charms
 + Level 0.9 Necromancy
 + Level 4.5 Evocations


You couldn't memorise any spells.
You knew the following spells:

 Your Spells              Type           Power        Failure   Level  Hunger
a - Confusing Touch       Hex            ###...       1%          1    ##.....
b - Confuse               Hex            ###.....     3%          3    ####...
c - Regeneration          Chrm/Necr      #.........   47%         3    ####...

Your spell library contained the following spells:

 Spells                   Type           Power        Failure   Level  Hunger
 Pain                     Necr           #...         21%         1    ##.....
 Corpse Rot               Necr           N/A          30%         2    ###....
 Sublimation of Blood     Necr           #.........   30%         2    ###....
 Gell's Gravitas          Tloc           #.........   65%         3    ####...
 Metabolic Englaciation   Hex/Ice        ##........   83%         5    ######.
 Yara's Violent Unravell  Hex/Tmut       ##........   83%         5    ######.
 Petrify                  Tmut/Erth      #.......     96%         4    #####..


Dungeon Overview and Level Annotations

Branches:
Dungeon (10/15)            Temple (1/1) D:7             Orc (0/2) D:10
   Lair: D:8-11

Altars:
Ashenzari
Cheibriados
Elyvilon
Fedhas
Kikubaaqudgha
Makhleb
Nemelex Xobeh
Okawaru
Qazlal
Ru
Trog
Vehumet
Wu Jian
Xom
Yredelemnul
Zin
The Shining One

Shops:
D:6 *


Innate Abilities, Weirdness & Mutations

You cannot wear armour.
You are incapable of wielding weapons or throwing items.
Your paws allow you to move quietly. (Stealth)
You have sharp claws.
You have razor-sharp teeth.
You have supernaturally acute eyesight. (SInv)
You are carnivorous and can eat meat at any time.
You cover ground quickly.
You are covered in thick fur. (AC +2)
You have a slow metabolism.
Your sharp claws are effective at attacking unaware monsters.


Message History

The orc priest looks encouraged for a moment.
The orc priest hits you but does no damage.
The orc priest closely misses you.
The orc priest hits you with a +0 dagger.
The orc priest barely misses you.
The orc priest mumbles some strange prayers to Beogh against you.
Beogh smites you! The orc priest completely misses you.
The orc priest hits you with a +0 dagger.
The orc priest looks braver for a moment.
The orc priest hits you with a +0 dagger.
The orc priest miscasts a cantrip.
The orc priest misses you.
The orc priest hits you but does no damage.
The orc priest mumbles some strange prayers to Beogh against you.
Pain shoots through your body!
* * * LOW HITPOINT WARNING * * *
The orc priest calls down the wrath of Beogh upon you.
Beogh smites you!
You die...
Kikubaaqudgha rasps: "You have failed me!
Welcome... death!"

§§≈ ≈≈§§≈ .?
..§.. .##
....
..###..#
##.....##
#..#.?..#
##.#.##o# #
#..#.#.o#..#
######@).#
#####


You could see 2 orc priests.

Vanquished Creatures
  A steam dragon (D:10)
  A soldier ant (D:10)
  2 sky beasts (D:6)
  2 ice beasts
  3 ogres
  A black bear (D:7)
  2 centaurs
  A crocodile (D:10)
  2 bullfrogs
  A scorpion (D:6)
  5 wights
  3 howler monkeys
  3 crimson imps
  3 jellies
  An orc priest (D:4)
  2 bullfrog zombies
  2 bullfrog skeletons
  A centaur skeleton (D:5)
  3 iguanas
  Ijyb (D:5)
  2 orc wizards (D:4)
  7 worker ants
  A hound skeleton (D:4)
  5 adders
  A gnoll (D:1)
  A shadow imp (D:5)
  An ooze (D:2)
  3 adder zombies
  3 worms
  A dart slug (D:1)
  6 leopard geckos
  15 orcs
  7 bats
  5 giant cockroaches
  7 goblins
  11 hobgoblins
  12 jackals
  11 kobolds
  6 quokkas
  3 ball pythons (D:1)
  2 frilled lizards
  A leopard gecko zombie (D:3)
  2 quokka skeletons
  3 rats
156 creatures vanquished.

Notes
Turn   | Place    | Note
-------+----------+-------------------------------------------
     0 | D:1      | Gunterle the Felid Monk began the quest for the Orb.
     0 | D:1      | Reached XP level 1. HP: 10/10 MP: 2/2
   100 | D:1      | Reached XP level 2. HP: 14/14 MP: 3/3
  1075 | D:1      | Reached XP level 3. HP: 7/17 MP: 4/4
  1477 | D:2      | Found a blossoming altar of Fedhas.
  1534 | D:2      | Found a radiant altar of Vehumet.
  2507 | D:2      | Reached skill level 1 in Evocations
  2670 | D:2      | Reached XP level 4. HP: 17/21 MP: 5/5
  2843 | D:3      | Found a glowing silver altar of Zin.
  3016 | D:3      | Found a shattered altar of Ashenzari.
  3020 | D:3      | Saw a vision of the Shoals and the Spider Nest.
  3020 | D:3      | Noticed a wolf spider
  3020 | D:3      | Noticed a redback
  3020 | D:3      | Noticed a redback
  3020 | D:3      | Noticed a hippogriff
  3020 | D:3      | Noticed a wolf spider
  3020 | D:3      | Noticed a redback
  3020 | D:3      | Noticed a hippogriff
  3020 | D:3      | Noticed a merfolk
  3022 | D:3      | Noticed a merfolk
  3023 | D:3      | Noticed a merfolk siren
  3511 | D:3      | Learned a level 1 spell: Confusing Touch
  3980 | D:4      | Reached skill level 1 in Hexes
  3980 | D:4      | Reached XP level 5. HP: 24/24 MP: 6/6
  3999 | D:4      | Reached skill level 5 in Dodging
  3999 | D:4      | Reached skill level 2 in Hexes
  4008 | D:4      | Noticed an ogre
  4013 | D:4      | Killed an ogre
  4013 | D:4      | Reached skill level 3 in Hexes
  4013 | D:4      | Gained mutation: You are covered in thick fur. (AC +2)
                  | [Felid growth]
  4013 | D:4      | Reached XP level 6. HP: 24/28 MP: 8/8
  4018 | D:4      | Learned a level 3 spell: Confuse
  4731 | D:4      | Reached skill level 5 in Unarmed Combat
  4731 | D:4      | Reached skill level 4 in Hexes
  4731 | D:4      | Reached XP level 7. HP: 30/32 MP: 9/9
  4850 | D:5      | Entered Level 5 of the Dungeon
  5302 | D:5      | Reached skill level 5 in Stealth
  5330 | D:5      | Noticed Ijyb
  5337 | D:5      | Killed Ijyb
  5361 | D:5      | Reached skill level 5 in Hexes
  5855 | D:5      | Reached XP level 8. HP: 36/36 MP: 11/11
  6352 | D:6      | Found a stormy altar of Qazlal.
  6385 | D:6      | Reached skill level 6 in Hexes
  6434 | D:6      | Found an iron altar of Okawaru.
  6741 | D:6      | Found Tuotri's General Store.
  6744 | D:6      | Bought a potion of might for 52 gold pieces
  6744 | D:6      | Bought a scroll of identify for 26 gold pieces
  6744 | D:6      | Bought a potion of flight for 39 gold pieces
  7208 | D:7      | Noticed an angel
  7223 | D:7      | Reached skill level 5 in Fighting
  7226 | D:7      | Reached skill level 7 in Hexes
  7999 | D:7      | Reached XP level 9. HP: 40/40 MP: 9/13
  8071 | D:7      | Noticed a rust devil
  8289 | D:7      | Found a staircase to the Ecumenical Temple.
  8302 | Temple   | Entered the Ecumenical Temple
  8387 | Temple   | Became a worshipper of Kikubaaqudgha
  8387 | Temple   | Reached * piety under Kikubaaqudgha
  8387 | Temple   | Identified Kikubaaqudgha's Papyrus of Black Arts
                  | (Kikubaaqudgha gifted it to you in the Ecumenical Temple)
  8387 | Temple   | Received a gift from Kikubaaqudgha
  8387 | Temple   | Reached ** piety under Kikubaaqudgha
  8395 | Temple   | Learned a level 3 spell: Regeneration
  8418 | D:7      | You fall through a shaft for 3 floors!
  8418 | D:10     | Entered Level 10 of the Dungeon
  8438 | D:10     | Found a staircase to the Orcish Mines.
  8657 | D:10     | Reached skill level 1 in Charms
  9002 | D:10     | Reached skill level 8 in Hexes
  9125 | D:10     | Shot with an arrow by a centaur
  9126 | D:10     | Reached XP level 8. HP: -9/37 MP: 11/12
  9141 | D:10     | Slain by an orc priest
  9142 | D:10     | Reached XP level 7. HP: -3/33 MP: 11/11
  9163 | D:10     | Killed from afar by an orc priest

Skill      XL: |  1  2  3  4  5  6  7  8  9 |
---------------+----------------------------+-----
Stealth        | 3 4 5 6 |  6.9
Evocations     | 1 2 3 4 |  4.5
Unarmed Combat | 4 5 6 7 |  7.2
Hexes          | 1 3 4 5 7 8 |  8.0
Dodging        | 5 6 7 |  7.1
Fighting       | 4 5 |  5.4
Charms         | 1 |  1.3
Spellcasting   | |  0.8
Necromancy     | |  0.9

Action                   |  1- 3 |  4- 6 |  7- 9 || total
-------------------------+-------+-------+-------++-------
Melee: Unarmed           |   139 |   111 |   222 ||   472
       Bite              |    18 |     9 |    29 ||    56
       Punch             |     3 |     4 |     9 ||    16
 Cast: Confusing Touch   |       |     1 |    19 ||    20
       Confuse           |       |       |    29 ||    29
 Abil: Evoke Berserk Rag |       |     1 |       ||     1
Evoke: Wand              |       |     9 |       ||     9
  Use: Scroll            |       |     7 |     7 ||    14
 Stab: Sleeping          |    14 |    13 |    24 ||    51
       Confused          |       |       |    21 ||    21
       Distracted        |       |       |     2 ||     2
  Eat: Chunk             |    11 |     4 |    13 ||    28
Armor: Skin              |     9 |     4 |     6 ||    19
Dodge: Dodged            |   100 |    88 |   170 ||   358
